 Dungeon Crawl Stone Soup version 0.23-a0-147-g7935be9 (webtiles) character file.

263 topirishpotato the Chopper (level 5, -1/41 HPs)
             Began as a Demonspawn Monk on Sept 7, 2018.
             Slain by Grinder (2 damage)
             ... on level 3 of the Dungeon.
             The game lasted 00:06:58 (3077 turns).

topirishpotato the Chopper (Demonspawn Monk)        Turns: 3077, Time: 00:06:59

Health: -1/41      AC:  3    Str: 14    XL:     5   Next: 98%
Magic:  5/5        EV: 13    Int: 11    God:
Gold:   133        SH:  0    Dex: 16    Spells: 4/4 levels left

rFire    + . .     SeeInvis .   f - +0 hand axe (flame)
rCold    . . .     Gourm    .   (no shield)
rNeg     . . .     Faith    .   i - +0 leather armour (curse)
rPois    .         Spirit   .   (no helmet)
rElec    .         Reflect  .   (no cloak)
rCorr    .         Harm     .   (no gloves)
MR       .....                  (no boots)
Stlth    ++........             (no amulet)
HPRegen  0.13/turn              h - +2 ring of strength
MPRegen  0.09/turn              (no ring)

@: no status effects
A: hooves 2, fire resistance 1, powered by death 1
a: no special abilities


You were on level 3 of the Dungeon.
You were not hungry.

You visited 1 branch of the dungeon, and saw 3 of its levels.

You collected 133 gold pieces.

Inventory:

Hand Weapons
 a - a +1 hand axe
 f - a +0 hand axe of flaming (weapon)
Armour
 i - a cursed +0 leather armour (worn)
Jewellery
 h - a +2 ring of strength (left hand)
 n - an uncursed ring of wizardry {unknown}
Wands
 d - a wand of random effects (30)
 k - a wand of enslavement (9)
Scrolls
 e - a scroll of immolation {unknown}
 g - a scroll of fear
 j - a scroll of identify
 l - 3 scrolls of magic mapping
Potions
 m - a potion of brilliance {unknown}
Comestibles
 b - a chunk of flesh
 c - 4 rations


   Skills:
 - Level 3.1 Fighting
 + Level 6.0 Axes
 + Level 0.3 Armour
 - Level 2.8 Dodging
 - Level 1.8 Stealth


You had 4 spell levels left.
You didn't know any spells.
Your spell library was empty.

Dungeon Overview and Level Annotations

Branches:
Dungeon (3/15)

Altars:
Qazlal

Annotations:
D:3 Grinder


Innate Abilities, Weirdness & Mutations

You have hoof-like feet.
Your flesh is heat resistant. (rF+)
You regenerate a little health from kills.


Message History

Pain shoots through your body!
You found a teleport trap!
You see here a golden ring.
n - a golden ring You hit Grinder.
You burn Grinder. You kick Grinder, but do no damage.
Grinder is lightly wounded.
Grinder hits you!
You writhe in agony.
You hit Grinder. You burn Grinder. Your kick misses Grinder.
Grinder is lightly wounded.
Grinder closely misses you.
You hit Grinder. You burn Grinder.
Grinder is moderately wounded.
Grinder hits you!
You writhe in agony.
* * * LOW HITPOINT WARNING * * *
You barely miss Grinder.
Grinder is moderately wounded.
Grinder hits you!
* * * LOW HITPOINT WARNING * * *
You writhe in agony.
You die...

########### #.........#
########### #.........#
..........# #.........#
..........##########.........#
................^............#
................@5.....).....##
......####....................#
..............>.....#####'###.#
...##..###..........# #.# #.#
...##..# #..........#####.# #.#
...##..######..######.....# #.#
...##......###.## #.#######.#
....#.####.###..##**#.#.......#
....#......#........#.#.#.....#


You could see Grinder.

Vanquished Creatures
  A centaur (D:3)
  Ijyb (D:3)
  Natasha (D:3)
  2 adders (D:2)
  3 oozes
  2 worms (D:2)
  A dart slug (D:1)
  2 leopard geckos
  13 orcs (D:3)
  A ball python (D:3)
  7 bats
  4 giant cockroaches
  6 hobgoblins
  7 kobolds
  2 quokkas (D:3)
  8 frilled lizards
  13 goblins
  13 rats
87 creatures vanquished.

Vanquished Creatures (others)
  An orc (D:3)
1 creature vanquished.

Grand Total: 88 creatures vanquished

Notes
Turn   | Place    | Note
-------+----------+-------------------------------------------
     0 | D:1      | topirishpotato the Demonspawn Monk began the quest for the
                  | Orb.
     0 | D:1      | Reached XP level 1. HP: 18/18 MP: 1/1
   153 | D:1      | Reached skill level 3 in Axes
   153 | D:1      | Gained mutation: You regenerate a little health from kills.
                  | [demonic ancestry]
   153 | D:1      | Reached XP level 2. HP: 24/24 MP: 2/2
   655 | D:1      | Gained mutation: You have large cloven feet. [demonic
                  | ancestry]
   655 | D:1      | Reached XP level 3. HP: 29/29 MP: 3/3
  1261 | D:2      | Reached skill level 4 in Axes
  1768 | D:2      | Gained mutation: You have hoof-like feet. [demonic
                  | ancestry]
  1768 | D:2      | Reached XP level 4. HP: 23/35 MP: 4/4
  2440 | D:3      | Found a stormy altar of Qazlal.
  2727 | D:3      | Noticed Ijyb
  2733 | D:3      | Noticed a centaur
  2741 | D:3      | Killed Ijyb
  2741 | D:3      | Reached skill level 5 in Axes
  2741 | D:3      | Gained mutation: Your flesh is heat resistant. (rF+)
                  | [demonic ancestry]
  2741 | D:3      | Reached XP level 5. HP: 14/41 MP: 5/5
  2751 | D:3      | Killed a centaur
  2975 | D:3      | Noticed Natasha
  2980 | D:3      | Killed Natasha
  3047 | D:3      | Reached skill level 6 in Axes
  3064 | D:3      | Noticed Grinder
  3077 | D:3      | HP: 1/41 [Grinder (10)]
  3077 | D:3      | Slain by Grinder

Vault maps used:
D:1:      dpeg_arrival_ratfight, hangedman_glass_teeth
D:2:      serial_bayou, serial_bayou_lagoon_a, serial_bayou_pond_d,
          serial_bayou_pond_c, serial_bayou_crossing, kennysheep_potato
D:3:      lemuel_doored_altar, uniq_grinder, uniq_natasha, uniq_ijyb

Skill      XL: |  1  2  3  4  5 |
---------------+----------------+-----
Axes           | 3 4 5 6 |  6.0
Fighting       | |  3.1
Armour         | |  0.3
Dodging        | |  2.8
Stealth        | |  1.8

Action                   |  1- 3 |  4- 6 || total
-------------------------+-------+-------++-------
Melee: Hand axe          |   131 |    96 ||   227
       Kick              |    17 |    27 ||    44
  Use: Scroll            |       |     7 ||     7
       Potion            |       |     3 ||     3
 Stab: Sleeping          |     2 |     2 ||     4
  Eat: Chunk             |     2 |     5 ||     7
Armor: Robe              |    17 |    18 ||    35
       Leather armour    |       |     4 ||     4
Dodge: Dodged            |   103 |    86 ||   189

Table legend:
 A = Non-vault XP
 B = Vault XP
 C = Vault XP percentage of total XP
 D = Non-vault monster count
 E = Vault monster count
 F = Vault count percentage of total count
                 A         B        C        D         E       F
            +---------+---------+-------+---------+---------+-------
      Total |     293 |      84 |  22.3 |      78 |      10 |  11.4
            +---------+---------+-------+---------+---------+-------
        D:1 |      37 |       5 |  11.9 |      20 |       5 |  20.0
        D:2 |      68 |       8 |  10.5 |      23 |       3 |  11.5
        D:3 |     188 |      71 |  27.4 |      35 |       2 |   5.4
            +---------+---------+-------+---------+---------+-------
